 Dungeon Crawl Stone Soup version 0.20.1-1-g8b1a95d (webtiles) character file.

143781 schauveau the Bludgeoner (level 17, -1/100 HPs)
             Began as a Gargoyle Fighter on Dec 3, 2017.
             Was the Champion of Okawaru.
             Slain by a naga warrior
             ... wielding a +0 dire flail
              (15 damage)
             ... on level 4 of the Snake Pit.
             The game lasted 01:20:52 (28043 turns).

schauveau the Bludgeoner (Gargoyle Fighter)        Turns: 28043, Time: 01:20:52

Health: -1/100     AC: 39    Str: 30    XL:     17   Next: 38%
Magic:  0/23       EV: 10    Int:  8    God:    Okawaru [******]
Gold:   226        SH:  0    Dex: 10    Spells: 16/16 levels left

rFire    + . .     SeeInvis +   a - +4 great mace (flame)
rCold    + . .     Gourm    .   (shield currently unavailable)
rNeg     + . .     Faith    .   d - +0 plate armour {rC+}
rPois    ∞         Spirit   +   E - +2 helmet {SInv}
rElec    +         Reflect  .   J - scarf {Spirit}
rCorr    .         Harm     .   N - +2 pair of gloves {Str+3}
MR       +....                  g - +2 pair of boots {run}
Stlth    ..........             r - amulet of regeneration
Regen    0.7/turn               T - ring of protection from fire
MPRegen  0.2/turn               t - +5 ring of evasion

@: flying, constricted, quick
A: big wings, frail 1, negative energy resistance 1, electricity resistance,
unbreathing, petrification resistance, rot immunity, AC +12
a: Stop Flying, Heroism, Finesse, Renounce Religion


You were on level 4 of the Snake Pit.
You worshipped Okawaru.
Okawaru was exalted by your worship.
You were not hungry.

You visited 5 branches of the dungeon, and saw 27 of its levels.
You also visited: Labyrinth.

You collected 2206 gold pieces.
You spent 1980 gold pieces at shops.

Inventory:

Hand Weapons
 a - a +4 great mace of flaming (weapon)
 b - the +10 arbalest "Kiefem" {elec, Str+4}
   (Okawaru gifted it to you on level 6 of the Lair of Beasts)

   It charges the ammunition it shoots with electricity; occasionally upon a
   hit, such missiles may discharge and cause terrible harm.
   It affects your strength (+4).
 v - a +2 hand axe of flaming
 O - a +5 triple crossbow
 X - the +8 arbalest of the Equinox {flame, rN++ Str+4 Dex-2}
   (You found it on level 5 of the Lair of Beasts)

   It causes projectiles fired from it to burn those they strike, causing extra
   injury to most foes and up to half again as much damage against particularly
   susceptible opponents.
   It affects your strength (+4).
   It affects your dexterity (-2).
   It greatly protects you from negative energy.
Missiles
 j - 7 tomahawks of returning (quivered)
 I - 133 bolts
Armour
 d - a +0 plate armour of cold resistance (worn)
 g - a +2 pair of boots of running (worn)
 n - the +0 pair of gloves "Bitoucery" {rF- rN+ rCorr Stlth+}
   (Okawaru gifted it to you on level 1 of the Orcish Mines)

   It makes you vulnerable to fire.
   It protects you from negative energy.
   It protects you from acid and corrosion.
   It makes you more stealthy.
 E - a +2 helmet of see invisible (worn)
 J - a scarf of spirit shield (worn)
 N - a +2 pair of gloves of strength (worn)
Jewellery
 k - an uncursed ring of fire
 r - an amulet of regeneration (around neck)
 t - a +5 ring of evasion (right hand)
 u - an uncursed ring of positive energy
 Q - an uncursed ring of protection from cold
 T - a ring of protection from fire (left hand)
Wands
 s - a wand of acid (8/15)
 A - a wand of confusion (30/48)
 B - a wand of lightning (12/15)
 H - a wand of iceblast (6/15)
 L - a wand of lightning (9/15)
 M - a wand of paralysis (6/24)
 V - a wand of flame (27/48)
Scrolls
 c - 4 scrolls of fear
 p - 2 scrolls of blinking
 q - 4 scrolls of fog
 x - 5 scrolls of remove curse
 y - a scroll of silence
 z - 6 scrolls of magic mapping
 F - 3 scrolls of identify
 S - 2 scrolls of recharging
 U - 6 scrolls of teleportation
 W - a scroll of summoning
Potions
 e - 4 potions of might
 i - 12 potions of curing
 m - 4 potions of agility
 o - 4 potions of ambrosia
 w - a potion of resistance
 D - a potion of magic
 K - a potion of invisibility
 R - a potion of berserk rage
Comestibles
 f - 8 bread rations
 h - 21 royal jellies
 C - 4 fruits


   Skills:
 - Level 14.5 Fighting
 - Level 19.3 Maces & Flails
 * Level 12.5 Crossbows
 - Level 13.5 Armour
   Level 3.2 Shields
 - Level 8.0 Invocations


You had 16 spell levels left.
You didn't know any spells.

Dungeon Overview and Level Annotations

Branches:
Dungeon (14/15)            Temple (0/1) D:7            Lair (6/6) D:9
  Swamp (1/4) Lair:3        Snake (4/4) Lair:3        Slime (0/5) Lair:6
    Orc (2/2) D:10            Elf (0/3) Orc:2
 Vaults: D:13-14

Altars:
Ashenzari
Cheibriados
Gozag
Hepliaklqana
Kikubaaqudgha
Okawaru
Qazlal
Sif Muna
Uskayaw
Vehumet
Zin
Jiyva

Shops:
D:4 [   D:5 :   D:7 [   D:12 :   Orc:2 (=:==   Snake:1 ??}:   Snake:4 [

Annotations:
D:11 Sonja
Snake:4 Vashnia


Innate Abilities, Weirdness & Mutations

You are resistant to torment.
Your stone body is resilient. (AC +12)
You are immune to poison.
Your large and strong wings let you fly indefinitely.
You resist negative energy. (rN+)
You are resistant to electric shocks. (rElec)
You can survive without breathing.
You are immune to petrification.
You are immune to rotting.
You are frail. (-10% HP)


Message History

You feel much better.
The shock serpent bites you but does no damage.
The anaconda bites you but does no damage.
The anaconda constricts you.
The naga warrior hits you but does no damage.
The naga warrior closely misses you.
The shock serpent shoots out a bolt of lightning at you!
The bolt of electricity hits you! You resist.
* * * LOW HITPOINT WARNING * * *
The bolt of electricity hits you! You resist.
* * * LOW HITPOINT WARNING * * *
The bolt of electricity hits the shock serpent.
The shock serpent completely resists.
The anaconda closely misses you. The anaconda constricts you.
You feel better. The anaconda bites you.
* * * LOW HITPOINT WARNING * * *
The anaconda constricts you. The shock serpent barely misses you.
The naga warrior hits you but does no damage.
The naga warrior hits you with a dire flail!
You die...

##... #.... #....
#.... N.. # #.##
.## ##. #.S# ..##
.....##S######...#
......N@N........#
#....###S.###...###
#...........<.....#
##...#.....#......#
## #...#.#......#
#####..#...###
##.....# #..####
##.#


You could see 2 naga warriors, an anaconda, a shock serpent and a guardian
serpent.

Vanquished Creatures
  Asterion (Snake:2)
  Rupert (Lair:6)
  2 entropy weavers (Lair:4)
  Snorg (D:11)
  Josephine (Snake:1)
  The ghost of p0werm0de the Cleaver, a journeyman GrBe of Trog (Orc:2)
  A minotaur (Lab)
  8 hydras
  12 naga warriors
  A death knight (D:13)
  3 catoblepae (Lair:6)
  5 anacondas
  11 two-headed ogres
  2 alligators (Swamp:1)
  7 death yaks (Lair:6)
  2 tengu warriors (D:12)
  A queen ant (Lair:4)
  An ogre mage (D:11)
  4 orc high priests
  Nergalle (Orc:1)
  4 shock serpents
  11 naga sharpshooters
  3 salamander mystics
  2 unseen horrors
  2 naga ritualists (Snake:2)
  Pikel (D:4)
  7 orc knights
  A swamp dragon (Lair:3)
  4 lindwurms (Lair:6)
  3 orc sorcerers (Orc:2)
  5 mana vipers
  2 manticores (Lair:6)
  12 salamanders
  5 elephants (Lair:4)
  A cyclops (D:13)
  A centaur zombie (D:12)
  5 guardian serpents
  16 naga magi
  20 black mambas
  11 spiny frogs
  3 rime drakes
  A kobold demonologist (D:9)
  An efreet (D:13)
  The ghost of schauveau the Cudgeler, a novice GrFi (D:5)
  7 komodo dragons
  2 polar bears
  3 trolls
  A hornet (D:12)
  28 blink frogs
  12 hippogriffs
  12 slime creatures
  2 vampires
  4 wyverns
  4 wraiths (Snake:1)
  A shadow (D:13)
  6 basilisks
  29 yaks
  A vampire mosquito (Lair:3)
  23 soldier ants
  6 wargs
  39 nagas
  9 water moccasins
  A sky beast (D:9)
  6 porcupines
  37 orc warriors
  2 black bears
  4 ice beasts
  A slave (D:4)
  2 phantoms
  3 eyes of draining
  9 centaurs
  12 ogres
  8 crocodiles
  18 big kobolds
  A gnoll sergeant (Orc:1)
  16 bullfrogs
  5 scorpions
  11 killer bees
  13 wights
  3 electric eels
  6 howler monkeys
  3 crimson imps
  3 bullfrog zombies
  3 hounds
  A bullfrog skeleton (D:12)
  4 jellies
  19 orc priests
  28 orc wizards
  4 centaur skeletons
  3 iguanas
  28 worker ants
  A killer bee zombie (D:6)
  A hound skeleton (D:5)
  Robin (D:3)
  3 howler monkey zombies
  14 adders
  A howler monkey skeleton (D:4)
  14 oozes
  An adder skeleton (D:4)
  A worm (D:3)
  12 leopard geckos
  76 orcs
  4 giant cockroaches
  14 goblins
  13 hobgoblins
  10 jackals
  4 quokkas
  2 ball pythons
  3 bats
  7 frilled lizards
  20 kobolds
  2 leopard gecko zombies
  A quokka zombie (D:7)
  9 rats
  4 fungi
849 creatures vanquished.

Vanquished Creatures (others)
  An orc (D:13)
  6 fungi
  2 plants
9 creatures vanquished.

Grand Total: 858 creatures vanquished

Notes
Turn   | Place    | Note
-------+----------+-------------------------------------------
     0 | D:1      | schauveau the Gargoyle Fighter began the quest for the Orb.
     0 | D:1      | Reached XP level 1. HP: 14/14 MP: 1/1
   117 | D:1      | Reached XP level 2. HP: 19/19 MP: 2/2
   360 | D:1      | Reached XP level 3. HP: 20/24 MP: 3/3
   790 | D:2      | Reached skill level 3 in Maces & Flails
   892 | D:2      | Found an opulent altar of Gozag.
   948 | D:2      | Reached XP level 4. HP: 29/30 MP: 4/4
  1417 | D:3      | Noticed Robin
  1458 | D:3      | Killed Robin
  1460 | D:3      | Reached skill level 4 in Maces & Flails
  1469 | D:3      | Reached XP level 5. HP: 28/34 MP: 5/5
  1470 | D:3      | Noticed a phantom
  1497 | D:3      | Killed a phantom
  1943 | D:4      | Reached skill level 5 in Fighting
  1943 | D:4      | Reached XP level 6. HP: 30/40 MP: 6/6
  1953 | D:3      | Found a hazy altar of Hepliaklqana.
  2039 | D:3      | Reached skill level 5 in Maces & Flails
  2092 | D:4      | Found an iron altar of Okawaru.
  2097 | D:4      | Became a worshipper of Warmaster Okawaru
  2877 | D:4      | Noticed a slave
  2878 | D:4      | Noticed Pikel
  2918 | D:4      | Killed a slave
  3091 | D:5      | Entered Level 5 of the Dungeon
  3105 | D:5      | Reached XP level 7. HP: 41/44 MP: 7/7
  3247 | D:4      | Killed Pikel
  3247 | D:4      | Reached * piety under Okawaru
  3247 | D:4      | Reached skill level 7 in Maces & Flails
  3247 | D:4      | Reached XP level 8. HP: 39/52 MP: 8/8
  3291 | D:4      | Found Ilagoyc's Antique Armour Emporium.
  3504 | D:5      | Reached ** piety under Okawaru
  3536 | D:6      | Got a crude lajatang
  3612 | D:5      | Found Ihyifank's Book Emporium.
  3620 | D:5      | Reached skill level 8 in Maces & Flails
  3732 | D:5      | Found a shattered altar of Ashenzari.
  3755 | D:5      | Identified the +7 lajatang of Currency {antimagic, Str-2 Dex+2 Stlth+} (You found it on level 6 of the Dungeon)
  4022 | D:5      | Noticed schauveau's ghost (novice GrFi)
  4035 | D:5      | Killed schauveau's ghost
  4201 | D:6      | Reached skill level 9 in Maces & Flails
  4202 | D:6      | Reached XP level 9. HP: 43/58 MP: 3/9
  4288 | D:6      | Reached *** piety under Okawaru
  4294 | D:6      | Reached skill level 5 in Armour
  4831 | D:4      | Bought a pair of runed boots for 180 gold pieces
  4841 | D:4      | Identified a +2 pair of boots of running (You bought it in a shop on level 4 of the Dungeon)
  4959 | D:7      | Reached skill level 10 in Maces & Flails
  4998 | D:7      | Reached **** piety under Okawaru
  5144 | D:8      | Found an iron altar of Okawaru.
  5253 | D:7      | Found a snail-covered altar of Cheibriados.
  5295 | D:7      | Reached XP level 10. HP: 41/65 MP: 3/10
  5357 | D:7      | Found a staircase to the Ecumenical Temple.
  5564 | D:7      | Found a radiant altar of Vehumet.
  5593 | D:7      | Found Raitegg's Armour Emporium.
  5797 | D:7      | Found a deep blue altar of Sif Muna.
  5902 | D:8      | Noticed a hand axe
  5903 | D:8      | Noticed a dagger
  5918 | D:8      | Found a hide-covered altar of Uskayaw.
  5971 | D:8      | Noticed a two-headed ogre
  5983 | D:8      | Killed a two-headed ogre
  5983 | D:8      | Reached ***** piety under Okawaru
  5983 | D:8      | Reached skill level 11 in Maces & Flails
  6328 | D:8      | Found a viscous altar of Jiyva.
  6342 | D:8      | Found a stormy altar of Qazlal.
  6718 | D:10     | Entered Level 10 of the Dungeon
  6774 | D:9      | Noticed a kobold demonologist
  6815 | D:9      | Noticed a soul eater
  6822 | D:9      | Killed a kobold demonologist
  6832 | D:9      | Reached skill level 12 in Maces & Flails
  6855 | D:9      | Reached XP level 11. HP: 72/72 MP: 3/11
  6913 | D:9      | Reached skill level 10 in Fighting
  6988 | D:9      | Found an ancient bone altar of Kikubaaqudgha.
  7134 | D:9      | Noticed a two-headed ogre
  7144 | D:9      | Killed a two-headed ogre
  7144 | D:9      | Reached skill level 1 in Invocations
  7149 | D:9      | Received a gift from Okawaru
  7159 | D:9      | Reached ****** piety under Okawaru
  7172 | D:9      | Found a staircase to the Lair.
  7176 | D:9      | Noticed a two-headed ogre
  7192 | D:9      | Killed a two-headed ogre
  7278 | D:9      | Noticed a two-headed ogre
  7285 | D:9      | Killed a two-headed ogre
  7354 | D:9      | Found a glowing silver altar of Zin.
  7677 | D:10     | Found a staircase to the Orcish Mines.
  7779 | Orc:1    | Entered Level 1 of the Orcish Mines
  8110 | D:7      | Bought a +1 pair of gloves of strength for 181 gold pieces
  8380 | D:10     | Reached skill level 14 in Maces & Flails
  8380 | D:10     | Reached XP level 12. HP: 79/79 MP: 4/14
  8495 | D:10     | Noticed a two-headed ogre
  8505 | D:10     | Killed a two-headed ogre
  8505 | D:10     | Reached skill level 15 in Maces & Flails
  8846 | D:12     | Noticed an ogre mage
  8846 | D:12     | Noticed a two-headed ogre
  8846 | D:12     | Noticed a two-headed ogre
  8846 | D:12     | Noticed a two-headed ogre
  8848 | D:12     | Noticed a two-headed ogre
  8849 | D:12     | Noticed a two-headed ogre
  8853 | D:11     | Killed a two-headed ogre
  9009 | D:11     | Noticed Sonja
  9016 | D:11     | Noticed Snorg
  9037 | D:11     | Killed Snorg
  9387 | D:11     | Reached XP level 13. HP: 59/84 MP: 5/16
  9865 | D:11     | Reached skill level 5 in Invocations
  9890 | D:11     | Received a gift from Okawaru
  9890 | D:11     | Reached skill level 10 in Armour
 10776 | D:12     | Reached skill level 16 in Maces & Flails
 10977 | D:12     | Received a gift from Okawaru
 11276 | D:12     | Found Etirghex's Book Shoppe.
 11712 | D:13     | Found a labyrinth entrance.
 11768 | Lab      | Entered a labyrinth
 11876 | Lab      | Found an exit through the horrors of the Abyss.
 11956 | Lab      | Noticed a minotaur
 11971 | Lab      | Killed a minotaur
 12430 | D:13     | Gained mutation: Your large and strong wings let you fly indefinitely. [Gargoyle growth]
 12430 | D:13     | Reached XP level 14. HP: 87/92 MP: 19/19
 12732 | Lair:1   | Entered Level 1 of the Lair of Beasts
 14059 | Lair:2   | Got an iridescent halberd
 14060 | Lair:2   | Identified the +4 halberd of the Weasel {chop, *Slow rN+++ Str+3} (You found it on level 2 of the Lair of Beasts)
 14133 | Lair:2   | Received a gift from Okawaru
 14866 | Lair:3   | Reached skill level 17 in Maces & Flails
 15486 | Lair:3   | Found a staircase to the Swamp.
 15555 | Lair:3   | Found a staircase to the Snake Pit.
 15977 | Lair:4   | Noticed an entropy weaver
 16007 | Lair:4   | Killed an entropy weaver
 16012 | Lair:4   | Noticed an entropy weaver
 16086 | Lair:4   | Killed an entropy weaver
 16086 | Lair:4   | Received a gift from Okawaru
 16574 | Lair:4   | Got a crude scale mail
 16594 | Lair:4   | Identified the +2 scale mail "Erakemn" {rPois} (You found it on level 4 of the Lair of Beasts)
 17131 | Lair:5   | Reached XP level 15. HP: 72/99 MP: 20/20
 17193 | Lair:5   | Reached skill level 18 in Maces & Flails
 17430 | Lair:5   | Got a polished arbalest
 17431 | Lair:5   | Identified the +8 arbalest of the Equinox {flame, rN++ Str+4 Dex-2} (You found it on level 5 of the Lair of Beasts)
 17484 | Lair:6   | Entered Level 6 of the Lair of Beasts
 17967 | Lair:6   | Reached skill level 1 in Crossbows
 18080 | Lair:6   | Got an ancient halberd
 18081 | Lair:6   | Identified the +2 halberd of Foolhardiness {drain, *Corrode rC+ SInv} (You found it on level 6 of the Lair of Beasts)
 18138 | Lair:6   | Found a staircase to the Slime Pits.
 18195 | Lair:6   | HP: 3/99 [acid (11)]
 18671 | Lair:6   | Received a gift from Okawaru
 18672 | Lair:6   | Got a crystal arbalest {god gift}
 18733 | Lair:5   | Identified the +10 arbalest "Kiefem" {elec, Str+4} (Okawaru gifted it to you on level 6 of the Lair of Beasts)
 19082 | Lair:6   | Noticed Rupert
 19289 | Lair:6   | Killed Rupert
 20278 | Lair:6   | Got an ancient trident
 20279 | Lair:6   | Identified the +12 trident of Mourning {flame, MR- Int+10} (You found it on level 6 of the Lair of Beasts)
 20768 | Orc:2    | Entered Level 2 of the Orcish Mines
 20768 | Orc:2    | Found a staircase to the Elven Halls.
 20932 | Orc:2    | Found Ruahay's Weapon Shoppe.
 20941 | Orc:2    | Noticed p0werm0de's ghost (journeyman GrBe)
 20967 | Orc:2    | Killed p0werm0de's ghost
 21421 | Orc:1    | Noticed Nergalle
 21535 | Orc:2    | Received a gift from Okawaru
 22201 | Orc:1    | Received a gift from Okawaru
 22202 | Orc:1    | Got a pair of fine gloves {god gift}
 22213 | Orc:1    | Identified the +0 pair of gloves "Bitoucery" {rF- rN+ rCorr Stlth+} (Okawaru gifted it to you on level 1 of the Orcish Mines)
 22803 | Orc:2    | Gained mutation: You are frail. (-10% HP) [a neqoxec]
 22844 | Orc:2    | Found Lytz's Jewellery Shop.
 22844 | Orc:2    | Found Toecrath's Jewellery Emporium.
 22846 | Orc:2    | Found Raruhebb's Jewellery Shop.
 22846 | Orc:2    | Found Tufiar's Book Emporium.
 22898 | Orc:2    | Bought an uncursed amulet of regeneration for 300 gold pieces
 22903 | Orc:2    | Bought a +5 ring of evasion for 880 gold pieces
 23120 | Orc:1    | Killed Nergalle
 23120 | Orc:1    | Reached XP level 16. HP: 95/95 MP: 21/21
 23263 | Orc:1    | Reached skill level 19 in Maces & Flails
 23589 | Swamp:1  | Entered Level 1 of the Swamp
 23609 | Swamp:1  | Noticed a thorn hunter
 23880 | Snake:1  | Entered Level 1 of the Snake Pit
 24046 | Snake:1  | Reached skill level 5 in Crossbows
 24126 | Snake:1  | Noticed Josephine
 24142 | Snake:1  | Killed Josephine
 24411 | Snake:1  | Found Laras's Gadget Shoppe.
 24412 | Snake:1  | Found Gonuelim's Book Shoppe.
 24412 | Snake:1  | Found Olaurufa's Magic Scroll Emporium.
 24417 | Snake:1  | Found Qocuva Elau's Magic Scroll Emporium.
 24429 | Snake:1  | Bought a scroll of identify for 20 gold pieces
 24430 | Snake:1  | Bought a scroll of blinking for 75 gold pieces
 24430 | Snake:1  | Bought a scroll of identify for 20 gold pieces
 24430 | Snake:1  | Bought a scroll of identify for 20 gold pieces
 24430 | Snake:1  | Bought a scroll of teleportation for 30 gold pieces
 24430 | Snake:1  | Bought a scroll of fog for 20 gold pieces
 24437 | Snake:1  | Bought a scroll of enchant armour for 127 gold pieces
 24437 | Snake:1  | Bought a scroll of blinking for 127 gold pieces
 25135 | Snake:2  | Received a gift from Okawaru
 25951 | Snake:2  | Noticed Asterion
 25975 | Snake:2  | Killed Asterion
 25977 | Snake:2  | Got a translucent shield
 25979 | Snake:2  | Identified the +4 shield of Limitation {Slay+5} (You took it off Asterion on level 2 of the Snake Pit)
 26506 | Snake:3  | Reached skill level 10 in Crossbows
 26772 | Snake:3  | Reached XP level 17. HP: 100/100 MP: 23/23
 27064 | Snake:3  | Received a gift from Okawaru
 27870 | Snake:4  | Entered Level 4 of the Snake Pit
 27870 | Snake:4  | Found Vunuut's Antique Armour Shop.
 27872 | Snake:4  | Noticed Vashnia
 28041 | Snake:4  | HP: 5/100 [anaconda (6)]
 28043 | Snake:4  | Slain by a naga warrior

Skill      XL: |  1  2  3  4  5  6  7  8  9 10 11 12 13 14 15 16 17 |
---------------+----------------------------------------------------+-----
Fighting       | 4 5 6 7 8 9 10 11 12 13 14 | 14.5
Maces & Flails | 3 4 5 7 9 10 12 14 15 16 17 18 19 | 19.3
Armour         | 4 6 8 9 10 12 13 | 13.5
Invocations    | 2 4 7 8 |  8.0
Crossbows      | 4 10 12 | 12.5
Shields        | |  3.2

Action                   |  1- 3 |  4- 6 |  7- 9 | 10-12 | 13-15 | 16-18 || total
-------------------------+-------+-------+-------+-------+-------+-------++-------
Melee: Flail             |   115 |   307 |    94 |       |       |       ||   516
       Lajatang          |       |       |   153 |   430 |   216 |       ||   799
       Morningstar       |       |       |       |       |   261 |       ||   261
       Punch             |       |       |       |       |     1 |       ||     1
       Great mace        |       |       |       |       |   775 |   271 ||  1046
       Scimitar          |       |       |       |       |     6 |       ||     6
 Fire: Arbalest          |       |       |       |       |   155 |   347 ||   502
Throw: Tomahawk          |       |       |     4 |     3 |       |       ||     7
       Javelin           |       |       |       |    12 |       |       ||    12
Invok: Heroism           |       |       |       |       |     4 |     1 ||     5
       Finesse           |       |       |       |       |     2 |     1 ||     3
 Abil: Fly               |       |       |       |       |     1 |       ||     1
  Use: Scroll            |       |     6 |    13 |     3 |    18 |     7 ||    47
       Potion            |       |       |       |     1 |     1 |     5 ||     7
  Eat: Chunk             |       |     3 |     6 |     4 |     9 |     2 ||    24
       Bread ration      |       |     1 |       |     1 |     3 |     2 ||     7
       Royal jelly       |       |       |     1 |       |     2 |       ||     3
       Meat ration       |       |       |       |     1 |     2 |     1 ||     4
       Fruit             |       |       |       |       |     9 |       ||     9
Armor: Scale mail        |    34 |       |       |       |       |       ||    34
       Chain mail        |    38 |   294 |   111 |       |       |       ||   443
       Plate armour      |       |       |    69 |   447 |  1248 |   451 ||  2215
Dodge: Dodged            |    61 |   163 |    75 |   192 |   495 |   347 ||  1333
Block: Shield            |     3 |       |       |       |       |       ||     3
